AoeStats
← Roidz4

Arabia

509629540Analyzed
2v2 RM · 6d ago on Sep 27, 2026· 51m 44s· 4 players
Game mode
Random Map
Map size
Medium (4 player)
Population
200
Speed
Normal
Resources
Standard
Victory
Conquest
Starting age
Dark Age
Ending age
Imperial Age
RankedLock teamsTeams togetherTeam positionsShared explorationLock speedFull tech treeHidden civsTurbo modeCheats
Victory
Defeat
🇨🇳 Franks · China
1127
+16
🇿🇦 Ethiopians · South Africa
1121
+16
🇩🇪 Mongols · Germany
1143
-17
🇩🇪 Goths · Germany
1094
-15
McMembran
6:46 Loom
9:08 Feudal Age
9:42 Double-Bit Axe
9:41 Horse Collar
16:26 Fletching
17:17 Padded Archer Armor
18:32 Scale Barding Armor
21:32 Castle Age
20:52 Bloodlines
21:34 Scale Barding Armor
22:11 Bodkin Arrow
21:38 Elite Skirmisher
25:04 Leather Archer Armor
26:09 Wheelbarrow
27:50 Bow Saw
31:02 Hand Cart
31:02 Heavy Plow
31:10 Gold Mining
32:25 Ballistics
35:41 Chain Barding Armor
39:03 Imperial Age
37:19 Thumb Ring
38:04 Husbandry
38:49 Forging
40:44 Bracer
41:36 Conscription
42:35 Chemistry
42:39 Parthian Tactics
42:21 Nomads
42:18 Town Watch
43:09 Heavy Camel Rider
44:59 Drill
46:08 Coinage
50:21 Light Cavalry
51:52 Iron Casting
51:16 Cavalier
MaulenderMo
6:29 Loom
10:07 Feudal Age
13:38 Double-Bit Axe
18:27 Castle Age
16:36 Horse Collar
18:08 Gold Mining
21:09 Scale Barding Armor
22:39 Bow Saw
22:47 Pikeman
27:47 Forging
28:54 Squires
30:41 Wheelbarrow
34:57 Imperial Age
32:48 Hand Cart
32:59 Town Watch
33:58 Chain Barding Armor
34:14 Iron Casting
33:55 Murder Holes
34:35 Bloodlines
37:07 Scale Mail Armor
38:08 Blast Furnace
37:40 Husbandry
37:11 Cavalier
38:50 Chain Mail Armor
40:18 Sanctity
40:03 Devotion
40:18 Fervor
40:37 Halberdier
41:53 Conscription
44:36 Perfusion
1017152139
4:15 Loom
11:34 Feudal Age
12:02 Double-Bit Axe
14:56 Town Watch
15:48 Wheelbarrow
19:26 Castle Age
17:56 Stone Mining
18:17 Gold Mining
20:23 Bow Saw
21:02 Forging
25:46 Scale Barding Armor
26:51 Chain Barding Armor
28:15 Town Watch
29:27 Hand Cart
30:10 Gambesons
30:48 Herbal Medicine
32:36 Husbandry
36:41 Imperial Age
33:35 Pikeman
34:15 Squires
35:04 Iron Casting
34:14 Treadmill Crane
34:44 Masonry
37:30 Fortified Wall
37:03 Cavalier
38:22 Plate Barding Armor
38:47 Blast Furnace
38:14 Scale Mail Armor
38:38 Conscription
38:18 Chivalry
38:21 Halberdier
39:03 Ordonnance Companies
40:21 Paladin
44:45 Elite Throwing Axeman
46:48 Chain Mail Armor
49:47 Chemistry
49:17 Architecture
48:53 Siege Engineers
51:49 Caravan
Roidz4
6:50 Loom
10:05 Feudal Age
11:11 Double-Bit Axe
13:57 Horse Collar
16:22 Fletching
23:16 Castle Age
24:01 Light Cavalry
24:03 Crossbowman
24:44 Bodkin Arrow
24:58 Scale Barding Armor
25:55 Forging
31:09 Ballistics
39:43 Imperial Age
37:21 Thumb Ring
40:01 Arbalester
40:42 Hussar
Connection lost

Rejoining the realm…

Still unreachable

The connection could not be restored.

Session expired

The server has moved on; the page needs a fresh start.